 Seeded DCSS version 0.28-a0-1567-g1695149f81 (webtiles) character file.

Game seed: 104 (custom seed)

3 knot the Skirmisher (level 1, 0/18 HPs)
             Began as a Demonspawn Berserker on Jan 19, 2022.
             Was a Follower of Trog.
             Slain by a kobold (3 damage)
             ... on level 1 of the Dungeon.
             The game lasted 00:00:10 (190 turns).

knot the Skirmisher (Demonspawn Berserker)           Turns: 190, Time: 00:00:11

Health: 0/18       AC:  2    Str: 17    XL:     1   Next: 41%
Magic:  1/1        EV: 12    Int:  8    God:    Trog [*.....]
Gold:   30         SH:  0    Dex: 12    Spells: 0/0 levels left

rFire   . . .      SeeInvis .   a - +0 hand axe
rCold   . . .      Faith    .   (no shield)
rNeg    . . .      Spirit   .   b - +0 animal skin
rPois   .          Reflect  .   (no helmet)
rElec   .          Harm     .   (no cloak)
rCorr   .          Rampage  .   (no gloves)
Will    .....                   (no boots)
Stlth   +.........              (no amulet)
HPRegen 0.06/turn               (no ring)
MPRegen 0.07/turn               (no ring)

@: no status effects
A: no striking features
a: Renounce Religion, Berserk


You were on level 1 of the Dungeon.
You worshipped Trog.
Trog was aware of your devotion.
You visited 1 branch of the dungeon, and saw 1 of its levels.

You collected 30 gold pieces.

Inventory:

Hand Weapons
 a - a +0 hand axe (weapon)
Armour
 b - a +0 animal skin (worn)
Scrolls
 c - a scroll of teleportation {unknown}
 d - a scroll of immolation {unknown}


   Skills:
 - Level 3.0 Fighting
 + Level 2.9 Axes
 - Level 1.7 Armour
 - Level 1.7 Dodging


You couldn't memorise any spells.
You didn't know any spells.
Your spell library was empty.

Dungeon Overview and Level Annotations

Branches:
Dungeon (1/15)

Altars:


Message History

You hit the bat but do no damage. You hit the frilled lizard.
You kill the frilled lizard!
Trog accepts your kill. The bat hits you but does no damage.
The jackal misses you.
The kobold throws a stone.
The stone barely misses you.
You hit the jackal.
The jackal is almost dead.
The bat barely misses you. The jackal closely misses you.
The jackal barely misses you.
You closely miss the jackal.
The jackal is almost dead.
You hit the kobold but do no damage. The bat hits you.
The jackal barely misses you.
The kobold hits you with a +0 short sword.
You closely miss the jackal.
The jackal is almost dead.
You hit the kobold but do no damage. You hit the kobold.
The bat closely misses you. The jackal closely misses you.
The kobold misses you. The kobold barely misses you. The jackal bites you.
You hit the jackal but do no damage.
The jackal is almost dead.
You hit the kobold. You closely miss the kobold.
The bat hits you but does no damage. The kobold hits you with a +0 dagger.
The jackal bites you. The kobold closely misses you.
The kobold barely misses you. The jackal closely misses you.
Unknown command.
You fail to use your ability.
The bat hits you. The bat closely misses you.
The kobold hits you with a +0 short sword.
The jackal bites you. The kobold misses you.
You hit the kobold.
The kobold is severely wounded.
You barely miss the jackal. You closely miss the kobold.
You barely miss the bat. The bat closely misses you.
The kobold hits you with a +0 short sword.
* * * LOW HITPOINT WARNING * * *
The jackal bites you.
* * * LOW HITPOINT WARNING * * *
The kobold misses you.
The kobold hits you with a +0 short sword.
You die...

#.# #.# #.#
#.# #.# #.#
#########.#
..........#
####.g@###
.$..b.KhK.#
###.##.##.#
.. .# ..#
## #. .# #.
.# # #


You could see a jackal, a goblin, a bat and 2 kobolds.

Vanquished Creatures
  A goblin (D:1)
  2 frilled lizards (D:1)
  A rat (D:1)
4 creatures vanquished.

Notes
Turn   | Place    | Note
-------+----------+-------------------------------------------
     0 | D:1      | knot the Demonspawn Berserker began the quest for the Orb.
     0 | D:1      | Reached XP level 1. HP: 18/18 MP: 1/1
   190 | D:1      | Slain by a kobold

Illustrated notes

Levels and vault maps discovered:
D:1:      tarquinn_simple_flora_water_c, layout_basic,
          ebering_ecumenical_altar_rust, minmay_distorted

Action                   || total
-------------------------++-------
Melee: Hand axe          ||    14
Armor: Animal skin       ||     5
Dodge: Dodged            ||    22

Table legend: (Time is in decaauts)
 A = Elapsed time spent in this place.
 B = Non-inter-level travel time spent in this place.
 C = Inter-level travel time spent in this place.
 D = Time resting spent in this place.
 E = Time spent auto-exploring this place.
 F = Levels seen in this place.
 G = Mean time per level.
                   A        B        C        D        E       F      G
               +--------+--------+--------+--------+--------+-----+--------+
         Total |    192 |    192 |      0 |      0 |    158 |   1 |  192.0 |
       Dungeon |    192 |    192 |      0 |      0 |    158 |   1 |  192.0 |
               +--------+--------+--------+--------+--------+-----+--------+

Top non-repeatable levels by time:
     D:1: 192 daAuts
